Bacon, lawful female human Samurai -- ---- ---- |. --- ---- ----- --..| |..| |..- --.---..---.|.--- -- -------|...-- |..-- ------ -..----........|......| .| ---.--...|....| |...|--.--.--- |.................--..| . |............-- ---.|........-- ---........--..|.------.- |...........-- --......---...| ----- |....>-------|.| |@..| |-.........-- |.......| |..-- --...| --....| |.| |.--- |.........-- --.--...| |-.| |....--- |...-| ---.| |.| ---.|.|...--- -- |...---..--- ---......-- |....|--- |...|--|.| |...|.|-.-- |..........| |....---..-- --....--.---.---..|.|---.--|.------ ##---.#-^..|---.--.- --..-- |............||...|.|-...| |...|..| --#-# --........||...||..| --..| --.--......---|...|.|..--- ---.|..| |..---|....-.#-##-.---|..| --..--- -- ----...| |........| |....| --###....--............| ---- |.....| ---.--- --.....<.--- |--.---|..---..........--.----- |.(...-- -----|...| --..........| |.....-#................|.| --.....-- |...--.------...........| |......%..--..............---- -......| |........)......).....-## --....-------................| |.......| --...-----------......| #-.--- --.|.............| --...|.-- --.-- ---..-## --- --|..-------.---- --.---- --- ---- ---- --- --- Bacon the Ronin Experience level: 5 Strength: 15 Dexterity: 14 Constitution: 18 Intelligence: 10 Wisdom: 13 Charisma: 8 Health: 47(47) Energy: 23(23) Def: 10 Gold: 456 Moves: 2154 Dungeon seed: kT5_gIKiZ-uBi__- Game ID: Bacon_1515001042 Your Inventory: Coins $ - 456 gold pieces Weapons a - an uncursed +0 katana (weapon in hand) c - an uncursed +0 yumi (alternate weapon; not wielded) d - 12 uncursed +0 ya (in quiver) j - an uncursed +0 orcish dagger A - 27 uncursed +0 arrows F - an uncursed +1 arrow G - 12 uncursed +0 thirsty arrows H - a blessed +1 arrow J - 10 blessed +0 arrows Armor e - an uncursed rustproof +0 splint mail (being worn) y - an uncursed +0 pair of high boots (being worn) z - an uncursed +0 pair of iron shoes D - an uncursed +2 dwarvish cloak (being worn) Y - a cursed -1 orcish helm Comestibles t - 5 uncursed gunyoki Potions E - an uncursed potion of water L - an uncursed potion of levitation Rings r - an uncursed ring of hunger u - an uncursed ring of free action Wands w - an uncursed wand of death (0:6) x - an uncursed wand of magic missile (0:5) Tools f - an uncursed oil lamp (0:1204) k - an uncursed sack B - an uncursed +0 pick-axe I - an uncursed wax candle (0:400) M - an uncursed leash Gems n - 3 uncursed worthless pieces of black glass q - an uncursed worthless piece of orange glass K - an uncursed worthless piece of red glass N - an uncursed worthless piece of white glass O - an uncursed worthless piece of yellowish brown glass Contents of the sack: an uncursed potion of invisibility an uncursed potion of oil a cursed ring of hunger Spells and supernatural/magical abilities: Spells marked with '*' are forgotten. Spells marked with '!' are maintained. Spells marked with '#' are aliased with 'castalias'. Name Level Category Fail Memory W - pray for help -- divine ? -- Your skills at the end: Fighting Skills martial arts [Basic] wands [Basic] Weapon Skills short sword [Basic] long sword [Basic] bow [Basic] Spellcasting Skills Final Attributes: You were fast. You survived. Vanquished creatures: 4 gnome lords a gnomish wizard 2 kittens 3 dwarves a kobold shaman a coyote a gas spore a large kobold 2 yellow molds a red mold 15 gnomes 4 geckos 10 jackals 3 foxes 2 goblins 2 sewer rats 2 grid bugs 2 bats 2 lichens 3 newts 62 creatures vanquished. Voluntary challenges: You were an atheist. You used a wielded weapon 53 times, starting on turn 19. You read items or engraved 3 times, starting on turn 1361. You never genocided any monsters. You never polymorphed an object. You never changed form. You used no wishes. You never split a pudding. You wrote Elbereth's name 2 times, starting on turn 1538. You violated your moral code, losing 29 points of alignment, starting on turn 1414. Dungeon overview: The Dungeons of Doom: levels 1 to 4 Level 1 some fountains a long staircase Level 2 some fountains Level 3 a general store, some fountains, a vault Level 4 a vault stairs to The Gnomish Mines The Gnomish Mines: levels 5 to 6 Level 5 stairs to The Dungeons of Doom Level 6 <- You were here History has recorded: On T:1 you entered the Dungeons of Doom to retrieve the Amulet of Yendor! On T:385 you advanced to experience level 2. On T:410 you reached level 2 of The Dungeons of Doom. On T:639 you reached level 3 of The Dungeons of Doom. On T:733 you advanced to experience level 3. On T:1036 you reached level 4 of The Dungeons of Doom. On T:1318 you reached level 1 of The Gnomish Mines. On T:1431 you advanced to experience level 4. On T:1635 you advanced to experience level 5. On T:1662 you reached level 2 of The Gnomish Mines. Score breakdown: Gold: 456 ( 9048 points) Experience: 5 levels (11141 points) Exploration: 6 levels ( 13.33%) (10112 points) Discoveries: 6 items ( 2.41%) ( 4656 points) Valuables value: (no points given unless you survive) Artifact value: 0 ( 0 points) Variety of kills: 20 monsters ( 5.26%) ( 6882 points) Turncount: 2154 turns ( -110 points) Survival: quit (score multiplied by 90%) Total score: 37556 Latest messages: You start equipping your pair of high boots. You stop changing your equipment. The kitten misses. (2x) You miss the kitten. The kitten bites! You hit the kitten. You miss the kitten. The kitten bites! The kitten misses. You hit the kitten. The kitten bites! You kill the kitten! You continue equipping your pair of high boots. You take off your pair of iron shoes. You are now wearing a pair of high boots. You can't jump very far. You see here a yellowish brown gem. O - a yellowish brown gem. You are carrying too much to get through. There are a few objects here. (2x) To quit the game, use the 'save' command (typically on 'S'). Final status: Sayonara Bacon the Samurai, quit... You quit in The Gnomish Mines on dungeon level 6 with 37556 points, and 456 pieces of gold, after 2154 moves. You were level 5 with a maximum of 47 hit points when you quit.